AoeStats
← [NICE_ASS] BigMasi

African Clearing

504516103Analyzed
3v3 RM · 28d ago on Sep 5, 2026· 56m 3s· 6 players
Game mode
Random Map
Map size
Normal (6 player)
Population
200
Speed
Normal
Resources
Standard
Victory
Conquest
Starting age
Dark Age
Ending age
Imperial Age
RankedLock teamsTeams togetherTeam positionsShared explorationLock speedFull tech treeHidden civsTurbo modeCheats
Victory
Defeat
🇨🇳 Burmese · China
1244
+14
🇭🇰 Vikings · Hong Kong SAR China
1227
+15
🇨🇭 Muisca · Switzerland
1160
+18
🇺🇸 Huns · United States
1217
-16
🇺🇸 Tupi · United States
1210
-16
🇫🇮 Mongols · Finland
1183
-15
Hayt
13:33 Feudal Age
17:39 Castle Age
15:36 Double-Bit Axe
18:57 Bow Saw
19:25 Fletching
19:38 Gold Mining
22:18 Wheelbarrow
21:29 Town Watch
21:31 Loom
21:47 Bodkin Arrow
25:13 Horse Collar
25:59 Heavy Plow
28:10 Hand Cart
28:33 Ballistics
34:14 Imperial Age
36:35 Bracer
36:56 Padded Archer Armor
37:56 Conscription
40:51 Curare
40:07 Elite Blackwood Archer
42:26 Hoardings
43:21 Chemistry
42:49 Town Patrol
44:03 Padded Archer Armor
46:36 Caciques
48:06 Squires
47:27 Pikeman
50:02 Capped Ram
50:30 Onager
51:21 Siege Ram
TheKeeG_
3:59 Loom
14:21 Feudal Age
14:30 Man-at-Arms
15:04 Arson
18:17 Bloodlines
21:04 Forging
29:17 Castle Age
28:35 Scale Barding Armor
29:09 Fletching
33:32 Bodkin Arrow
39:03 Ballistics
41:40 Padded Archer Armor
43:31 Wheelbarrow
43:04 Husbandry
44:28 Gold Mining
46:02 Double-Bit Axe
48:57 Imperial Age
46:43 Horse Collar
47:16 Bow Saw
48:21 Hand Cart
49:01 Marauders
49:32 Leather Archer Armor
50:39 Conscription
51:20 Bracer
52:22 Chemistry
52:49 Parthian Tactics
52:16 Heavy Cavalry Archer
Eversti Sandels
8:40 Loom
12:57 Feudal Age
15:58 Forging
17:35 Double-Bit Axe
20:46 Gold Mining
25:00 Castle Age
23:12 Stone Mining
23:41 Fletching
24:21 Padded Archer Armor
26:34 Wheelbarrow
27:53 Bodkin Arrow
naturalandre12
3:40 Loom
14:51 Feudal Age
18:55 Castle Age
17:57 Double-Bit Axe
28:12 Horse Collar
28:45 Crossbowman
30:14 Fletching
34:26 Heavy Plow
34:48 Town Watch
38:14 Imperial Age
35:46 Town Patrol
36:19 Forging
36:10 Scale Mail Armor
37:46 Chieftains
38:10 Bodkin Arrow
38:40 Ballistics
38:39 Squires
38:24 Arson
38:33 Arbalester
39:19 Gold Mining
39:20 Stone Mining
39:34 Bracer
39:34 Padded Archer Armor
39:49 Arbalester
41:16 Crop Rotation
41:29 Gold Shaft Mining
40:56 Elite Berserk
41:56 Leather Archer Armor
42:49 Chain Mail Armor
43:09 Iron Casting
44:55 Conscription
47:14 Hoardings
48:11 Ring Archer Armor
48:10 Bogsveigar
49:20 Elite Skirmisher
51:23 Blast Furnace
51:42 Bow Saw
55:46 Plate Mail Armor
[NICE_ASS] BigMasi
6:51 Loom
14:25 Feudal Age
14:50 Champi Runner
15:24 Double-Bit Axe
16:29 Scale Mail Armor
16:58 Forging
27:42 Castle Age
27:52 Champi Warrior
28:33 Squires
28:57 Chain Mail Armor
30:02 Iron Casting
30:13 Bow Saw
41:49 Wheelbarrow
46:35 Horse Collar
46:48 Gold Mining
47:50 Heavy Plow
52:11 Hand Cart
55:41 Imperial Age
55:47 Imperial Age
56:58 Plate Mail Armor
55:55 Elite Champi Warrior
ppeng
5:28 Loom
13:13 Feudal Age
17:12 Castle Age
14:58 Horse Collar
16:15 Stone Mining
16:18 Gold Mining
20:54 Heavy Plow
22:27 Husbandry
23:51 Fletching
26:03 Bloodlines
26:03 Bodkin Arrow
29:38 Wheelbarrow
30:24 Town Watch
32:34 Hand Cart
33:17 Gold Shaft Mining
33:11 Padded Archer Armor
38:19 Imperial Age
37:07 Scale Barding Armor
37:13 Forging
38:09 Ballistics
38:00 Masonry
38:31 Treadmill Crane
39:04 Masonry
39:10 Manipur Cavalry
39:54 Crop Rotation
39:52 Conscription
39:41 Bracer
40:45 Chemistry
40:39 Elite Arambai
43:14 Chain Barding Armor
43:29 Iron Casting
43:58 Howdah
45:10 Coinage
46:39 Banking
46:20 Guilds
47:36 Elite Battle Elephant
48:53 Plate Barding Armor
49:19 Blast Furnace
51:38 Scale Mail Armor
52:30 Cavalier
54:42 Chain Mail Armor
57:02 Plate Mail Armor
Connection lost

Rejoining the realm…

Still unreachable

The connection could not be restored.

Session expired

The server has moved on; the page needs a fresh start.